AoeStats
← MadEvilTimes

Arena

510509355Analyzed
4v4 RM · 1d ago on Oct 1, 2026· 27m 23s· 8 players
Game mode
Random Map
Map size
Large (8 player)
Population
200
Speed
Normal
Resources
Standard
Victory
Conquest
Starting age
Dark Age
Ending age
Imperial Age
RankedLock teamsTeams togetherTeam positionsShared explorationLock speedFull tech treeHidden civsTurbo modeCheats
Victory
Defeat
🇨🇳 Bulgarians · China
1617
+9
🇩🇪 Saxons · Germany
1559
+11
🇬🇧 Bohemians · United Kingdom
1483
+14
🇩🇪 Khmer · Germany
1480
+14
🇭🇰 Teutons · Hong Kong SAR China
1503
-14
🇨🇳 Spanish · China
1465
-13
🇨🇳 Japanese · China
1412
-11
🇨🇳 Persians · China
1405
-10
Ren
10:43 Feudal Age
14:44 Castle Age
12:45 Double-Bit Axe
13:02 Horse Collar
13:59 Gold Mining
14:29 Loom
15:41 Bow Saw
16:02 Fletching
22:40 Town Watch
23:25 Fervor
25:05 Wheelbarrow
25:41 Bloodlines
25:34 Husbandry
26:09 Bloodlines
27:02 Padded Archer Armor
你朋友
8:42 Feudal Age
9:16 Loom
9:38 Double-Bit Axe
10:14 Town Watch
12:40 Horse Collar
25:58 Wheelbarrow
姬七兮
10:57 Feudal Age
10:05 Loom
11:49 Double-Bit Axe
14:48 Castle Age
17:19 Scale Barding Armor
21:04 Devotion
24:10 Town Watch
25:02 Chain Barding Armor
25:57 Bloodlines
25:55 Husbandry
26:22 Forging
26:48 Bloodlines
Dd
11:53 Feudal Age
15:59 Castle Age
16:40 Double-Bit Axe
16:42 Horse Collar
22:50 Scale Mail Armor
26:30 Wheelbarrow
25:49 Gold Mining
Alotta Fagina
10:37 Feudal Age
14:53 Castle Age
13:07 Double-Bit Axe
13:05 Horse Collar
16:16 Bow Saw
26:03 Imperial Age
25:16 Wheelbarrow
25:07 Loom
26:19 Heavy Plow
27:09 Fortified Wall
Kylo
11:15 Feudal Age
13:20 Double-Bit Axe
13:18 Horse Collar
15:53 Castle Age
16:47 Heavy Plow
17:00 Bow Saw
18:02 Loom
21:48 Fletching
23:51 Wheelbarrow
24:10 Gold Mining
25:17 Hand Cart
25:45 Gold Shaft Mining
25:38 Stone Mining
26:22 Scale Mail Armor
26:32 Forging
26:23 Town Watch
27:56 Chain Mail Armor
30:18 Imperial Age
MadEvilTimes
10:25 Feudal Age
13:13 Castle Age
11:20 Double-Bit Axe
13:10 Loom
13:18 Horse Collar
23:31 Husbandry
24:30 Scale Barding Armor
25:24 Heavy Plow
26:01 Wheelbarrow
26:09 Forging
Long-Long-Way
8:45 Loom
17:06 Feudal Age
20:36 Castle Age
19:20 Double-Bit Axe
20:28 Scale Mail Armor
21:39 Chain Mail Armor
22:22 Fletching
22:49 Bodkin Arrow
24:30 Scale Barding Armor
Connection lost

Rejoining the realm…

Still unreachable

The connection could not be restored.

Session expired

The server has moved on; the page needs a fresh start.